[Event "E World Cup 2023"]
[Site "Chess.com"]
[Date "2023.08.16"]
[Round "6"]
[White "Erigaisi, Arjun"]
[Black "Praggnanandhaa, R."]
[Result "0-1"]
[WhiteElo "2704"]
[BlackElo "2707"]
[ECO "B22"]
[EventDate "2023.??.??"]
[Annotator "rafael"]
[PlyCount "150"]
[Beauty "5567682708510"]
[EventType "team-tourn"]
[EventCountry "FID"]
[TimeControl "40/5400+30:1800+30"]

1.e4 c5 2.c3 {It's interesting to note that both players that needed a draw with White in this round, both of them with a broad repertoire and capable of playing any opening, chose the Alapin against the Sicilian. To be fair, one of them lost and the other saved a worse position.} 2...Nf6 ( 2...d5 {This was Arjun's choice against Carlsen.} ) 3.e5 Nd5 4.Nf3 Nc6 5.d4 cxd4 6.cxd4 d6 7.Bc4 Nb6 8.Bb5 {This is one of the main lines of the Alapin.} 8...Bd7 ( 8...dxe5 {Praggnanandhaa avoids the most popular move. He is trying to play a variation that offers winning chances.} 9.Nxe5 Bd7 10.Nxd7 Qxd7 11.Nc3 e6 12.O-O {It's hard to imagine White losing as the theory goes many moves ahead.} ) 9.Nc3 ( 9.exd6 {is answered by} 9...e6 $1 ) 9...dxe5 10.dxe5 ( 10.d5 {leads to sharp play, for instance:} 10...Nb4 11.Nxe5 ( 11.Bxd7+ Qxd7 {and now White cannot take on f5, due} 12.Nxe5 $2 Qf5 {attacking the knight and preparing ...Nc2+.} ) 11...Bxb5 12.Nxb5 N4xd5 $5 {[%c_effect d5;square;d5;type;Interesting;persistent;true] This move, interestingly, has never been played.} 13.Qf3 f6 14.Qh5+ g6 15.Nxg6 hxg6 16.Qxh8 Qd7 {with compensation for the exchange.} ) 10...g6 11.O-O Bg7 12.Qe2 O-O 13.h3 ( 13.Rd1 {is the most popular move.} ) 13...Be6 {A novelty.} ( 13...a6 ) ( 13...Qc7 ) 14.Rd1 Qc7 15.Bf4 Rad8 16.Rac1 {Both sides played normal moves. White has no advantage, but at this point it was hard to imagine him losing.} 16...Nd5 ( 16...Rxd1+ 17.Rxd1 Rd8 {This would be a natural sequence in normal circumstances, but Black has to keep some tension in the position.} ) 17.Nxd5 Bxd5 18.Nd4 Qb6 $1 ( 18...Nxd4 19.Rxc7 Nxe2+ 20.Bxe2 {and White is close to the desired draw.} ) 19.Nxc6 ( 19.Bxc6 {is another possible capture:} 19...bxc6 20.b3 c5 21.Nf3 {with an equal position.} ) ( 19.Be3 {This move is also interesting to exchange pieces later on.} 19...Nxd4 20.Bxd4 Qe6 21.Bxa7 $1 {[%c_effect a7;square;a7;type;GreatFind;persistent;true] The game is equal, but not yet drawn after 21...Bxa2 or 21...Bxe5. The point is that} 21...b6 {is not as dangerous as it seems.} ( 21...Bxa2 22.f4 ) ( 21...Bxe5 22.a4 ) 22.a4 Ra8 23.Bxb6 $1 ) 19...bxc6 20.Bc4 Bxc4 21.Qxc4 Rxd1+ 22.Rxd1 Qxb2 {At this point I was pretty sure Arjun would find a way to steer the game toward a theoretically drawn endgame, but chess is full of resources and surprises.} 23.e6 $1 {[%c_effect e6;square;e6;type;GreatFind;persistent;true] The most accurate.} 23...Qf6 24.Be3 ( 24.exf7+ Qxf7 25.Rc1 {Black has some hopes after} 25...Qxc4 26.Rxc4 Rf5 $1 27.Ra4 a5 {although this should also be easily drawn.} ) 24...Qxe6 25.Qxe6 fxe6 26.Bxa7 ( 26.Rd7 {looks more natural.} 26...Kf7 27.Rxa7 {A draw will soon be agreed.} ) 26...Ra8 27.Rd7 Kf7 28.a4 $2 {[%c_effect a4;square;a4;type;Mistake;persistent;true] Arjun surely regrets this move. The match would be over after 28.Kf1.} ( 28.Kf1 $1 {[%c_effect f1;square;f1;type;GreatFind;persistent;true] If Black tries the same idea, then} 28...Be5 ( 28...e5 29.Rc7 $1 ) 29.Bc5 $1 {[%c_effect c5;square;c5;type;GreatFind;persistent;true] with a draw.} ) ( 28.Bc5 $2 Bf6 {is also dangerous for White:} 29.a3 Ra5 $1 ) 28...Be5 $1 {[%c_effect e5;square;e5;type;GreatFind;persistent;true] An excellent move. The bishop goes to d6 and suddenly White's pieces are clumsy on the queenside.} 29.Kf1 ( 29.Bd4 Bd6 30.Ra7 Rxa7 31.Bxa7 Bc7 {followed by …e5-Ke6-d5 and it's not clear if White's position can be saved.} ) 29...Bd6 30.Ke2 e5 31.Kd3 Ke6 32.Rb7 Kd5 33.f3 {White's pieces are stuck, none of them can move. The a-pawn is not such a big threat. But Black still needs to find a way to break the resistance.} 33...c5 34.a5 Rf8 $2 {[%c_effect f8;square;f8;type;Mistake;persistent;true] A big mistake, releasing White's rook.} ( 34...g5 $1 {[%c_effect g5;square;g5;type;GreatFind;persistent;true] is better, fixing the kingside. Black has excellent winning chances, similar to what happens later in the game.} ) 35.a6 $2 ( 35.Rb1 $1 {[%c_effect b1;square;b1;type;GreatFind;persistent;true] White finally gets counterplay with the rook going behind the pawn. The position is equal.} ) 35...Ra8 $1 {[%c_effect a8;square;a8;type;GreatFind;persistent;true] White is tied again.} 36.Kc3 $2 ( 36.h4 $1 {[%c_effect h4;square;h4;type;GreatFind;persistent;true] offers more chances, stopping black's pawns.} ) 36...g5 $1 37.Kd3 h5 {Now Black is close to winning.} 38.Kc3 $2 {[%c_effect c3;square;c3;type;Mistake;persistent;true] The final mistake, after which there's no salvation.} ( 38.g3 {is the only chance, not allowing Black to play e5-e4. It seems that Black can win with some precise maneuvering:} 38...h4 39.g4 Rf8 40.Ke3 Rd8 41.Kd3 Ra8 {Black's moves seem pointless, but he is waiting for the best moment to strike.} 42.Ke3 ( 42.Ke2 e4 $1 ) 42...c4 $1 {[%c_effect c4;square;c4;type;GreatFind;persistent;true] Only now.} 43.Rb5+ Ke6 {winning, since} 44.Rb7 {loses a piece after} 44...Rxa7 45.Rxa7 Bc5+ ) 38...e4 $1 39.fxe4+ Kxe4 40.Kc4 {The counterplay is not fast enough.} 40...Kf4 41.Kb5 h4 42.Rd7 Kg3 43.Bb6 ( 43.Kc6 {There are many winning ways here.} 43...Kxg2 ( 43...c4 44.Kb7 Rf8 {is also good.} ( 44...Rxa7+ $4 45.Kxa7 c3 46.Rd8 Bc5+ 47.Kb7 c2 48.Rd3+ Kxg2 49.Rc3 ) ) 44.Kb7 Rf8 $1 ( 44...Rg8 $4 45.Rxd6 exd6 46.Bb8 Rg7+ 47.Bc7 Rg8 48.a7 c4 49.Bb8 Rg7+ 50.Bc7 {with a draw.} ) 45.Rxd6 ( 45.Bb6 g4 ) 45...exd6 46.Bb8 Rf2 $1 47.a7 Ra2 {The passed pawns decide the game.} ) 43...c4 ( 43...Rxa6 $5 {[%c_effect a6;square;a6;type;Interesting;persistent;true] is an alternative way to win.} 44.Kxa6 Kxg2 {Followed by 45...Kxh3 and White is unable to stop the pawns.} ) 44.Bc7 Bxc7 45.Rxc7 Kxg2 46.Rc5 Rg8 47.a7 Kxh3 48.Ka6 g4 49.Kb7 g3 50.Rc8 Rxc8 51.Kxc8 g2 52.a8=Q g1=Q {The queen endgame is easily winning.} 53.Qf3+ Qg3 54.Qh1+ Kg4 55.Qe4+ Qf4 56.Qe2+ Kh3 57.Qxe7 c3 58.Qe1 Qf3 59.Qc1 Kh2 60.Qc2+ Kg3 61.Qc1 Qc6+ 62.Kb8 Qd6+ 63.Kc8 Qc5+ 64.Kb7 c2 65.Qe1+ Qf2 66.Qe5+ Kh3 67.Qe6+ Kh2 68.Qe5+ Qg3 69.Qc5 h3 70.Ka6 Qd3+ 71.Ka7 Qd2 72.Qe5+ Kh1 73.Qe4+ Qg2 74.Qf4 Qg1+ 75.Ka6 c1=Q {A dramatic game and an exciting match.} 0-1

[Event "E World Cup 2023"]
[Site "Chess.com"]
[Date "2023.08.19"]
[Round "7"]
[White "Carlsen, Magnus"]
[Black "Abbasov, Nijat"]
[Result "1-0"]
[WhiteElo "2835"]
[BlackElo "2646"]
[ECO "B30"]
[EventDate "2023.??.??"]
[Annotator "rafael"]
[PlyCount "85"]
[Beauty "7494986375719"]
[EventType "team-tourn"]
[EventCountry "FID"]
[TimeControl "40/5400+30:1800+30"]

1.e4 c5 2.Nf3 Nc6 3.Bb5 e6 4.Bxc6 bxc6 5.b3 d6 6.e5 dxe5 7.d3 $1 {[%c_effect d3;square;d3;type;GreatFind;persistent;true] Carlsen strikes with a prepared novelty. Previously White captured automatically on e5. The move played in the game is a new plan, but it's also the computer's first choice, so probably Abasov knew about it.} ( 7.Nxe5 {was played against Abasov in the previous round of the World Cup.} 7...Qg5 $1 ( 7...Qd4 $6 {[%c_effect d4;square;d4;type;Inaccuracy;persistent;true] looks like a winning double attack, but actually White has two moves that lead to the advantage.} 8.Nc4 ( 8.Bb2 {is also good. The bishop cannot be captured:} 8...Qxb2 $2 9.Nc3 Qa3 {Otherwise 10.Nc4 traps the queen.} 10.Qf3 {attacking f7 and c6.} ) 8...Qxa1 9.Nc3 ) 8.Ng4 Nh6 9.Ne3 Nf5 10.O-O Nxe3 11.fxe3 Bd6 {The game was later drawn in Vidit-Abbasov, World Cup Baku 2023.} ) 7...f6 8.Nbd2 {White has long-term compensation for the sacrificed pawn. The c5-pawn is weak and will hardly escape a capture, while Black's structure makes his main asset, the bishop pair, not so useful at the moment.} 8...Nh6 9.Rg1 $1 {[%c_effect g1;square;g1;type;GreatFind;persistent;true] An extraordinary plan that is certainly part of Carlsen's home preparation. White intends to advance the kingside and castle on the queenside.} 9...Ba6 $6 {[%c_effect a6;square;a6;type;Inaccuracy;persistent;true] The computer considers this move an inaccuracy. I believe that Abasov had his eye on the typical c5-c4 advance, returning the pawn to open the game.} ( 9...Nf5 {is a natural move. The game can continue} 10.g4 Nd4 11.g5 {with complications. This is probably still part of Carlsen's analysis.} ) ( 9...Be7 {is also possible:} 10.g4 Qa5 $1 11.Kf1 {Necessary, otherwise Black returns the pawn in a favorable way with c5-c4. The game remains unclear.} ( 11.Bb2 c4 $1 {[%c_effect c4;square;c4;type;GreatFind;persistent;true] is good for Black since the pawn cannot be captured by the knight.} 12.dxc4 ( 12.bxc4 Rb8 13.Rb1 e4 $1 14.dxe4 e5 {Black is the one with the better pawn structure now.} ) 12...e4 $1 ) ) 10.g4 $1 Nf7 {Here and on the next moves Carlsen had the option of playing g4-g5, gaining space on the kingside before finishing development.} 11.Qe2 ( 11.g5 Qc7 12.Bb2 ) 11...Be7 12.Bb2 ( 12.g5 ) 12...Qa5 13.c4 {This is a small inaccuracy. Maybe Carlsen wanted to avoid c5-c4 once and for all.} ( 13.g5 $1 {[%c_effect g5;square;g5;type;GreatFind;persistent;true] is correct. Now both castling and playing c4 are insufficient for Black.} 13...O-O-O ( 13...c4 14.dxc4 {with a clear advantage for White.} ) 14.gxf6 gxf6 15.Rg7 Rdf8 16.O-O-O {Black's position is passive and if he takes on a2, he won't survive long after} 16...Qxa2 $6 17.Qe4 ) 13...g5 $5 {[%c_effect g5;square;g5;type;Interesting;persistent;true] An interesting move, avoiding g4-g5.} 14.h4 h6 15.Rh1 O-O-O 16.O-O-O Qc7 ( 16...Qxa2 $2 {[%c_effect a2;square;a2;type;Mistake;persistent;true] loses after} 17.Kc2 Qa5 18.Ra1 Qb6 19.Bc3 {followed by the doubling of rooks on the a-file.} ) ( 16...Kb8 {is nearly always a good move after long castle.} ) 17.Ne4 ( 17.Rh2 $5 {[%c_effect h2;square;h2;type;Interesting;persistent;true] is possible in order to double rooks on the h-file.} ) 17...gxh4 $5 {[%c_effect h4;square;h4;type;Interesting;persistent;true] An excellent practical choice. It's necessary to change the trend of the game and look for active chances.} ( 17...Kb8 18.hxg5 hxg5 19.Qe3 {and White keeps pressing.} ) 18.Nxh4 Rhg8 19.f4 $1 {[%c_effect f4;square;f4;type;GreatFind;persistent;true] Carlsen said in the interview that he didn't see a good alternative to this move. First he wanted to play slowly with 19.f3, but Black can play 19...Kb8 with the idea of ...Bc8 and then f6-f5.} ( 19.f3 Kb8 ) 19...exf4 $1 {[%c_effect f4;square;f4;type;GreatFind;persistent;true] Otherwise White can play f4-f5 with the advantage.} 20.Nxf6 Bxf6 21.Qxe6+ Kb8 22.Qxf6 Bc8 ( 22...Rxg4 {is possible, but dangerous:} 23.Nf3 ( 23.Rde1 {is also interesting:} 23...Rd6 24.Qf5 Bc8 25.Qxc5 ) 23...Rd6 24.Qf5 Bc8 25.Qxc5 {with advantage for White.} ) 23.Rde1 Rd6 24.Qxf4 Rxg4 25.Qe3 {It's not clear if this is the best square for the queen. White keeps some pressure after 25.Qf2 and 25.Qd2.} ( 25.Qf2 Rxd3 26.Rhf1 ) ( 25.Qd2 ) 25...Re6 $1 26.Qd2 Ne5 27.Kc2 ( 27.Re3 $1 {[%c_effect e3;square;e3;type;GreatFind;persistent;true] is a more useful move and Carlsen regretted not playing it.} ) 27...Kb7 ( 27...Rg3 {also keeps the game equal, for instance:} 28.Qxh6 $5 ( 28.Bxe5 $6 Rxe5 29.Rxe5 Qxe5 30.Qxh6 Qd4 {with excellent play for Black.} ) 28...Rxh6 29.Bxe5 Qxe5 30.Rxe5 Rg4 31.Re4 Rg5 {with a likely draw.} ) 28.Re3 Qe7 $1 29.Nf5 Qg5 30.Bxe5 ( 30.Rxe5 {is not enough for an advantage:} 30...Rxe5 31.Qxg5 Re2+ $1 32.Kd1 hxg5 33.Nd6+ Kc7 34.Kxe2 Kxd6 ( 34...Rg2+ {is also good.} ) ) 30...Rg2 31.Re2 Rxe2 32.Qxe2 Qxf5 33.Rh5 ( 33.Re1 {is safer, but Black's position cannot be broken after} 33...h5 34.Qe3 Qf8 ) 33...Qf7 34.Qh2 $4 {[%c_effect h2;square;h2;type;Blunder;persistent;true] A rare blunder by Carlsen.} ( 34.Kc3 {keeps the game balanced.} ) 34...Rg6 $4 {[%c_effect g6;square;g6;type;Blunder;persistent;true] Abasov certainly will remember this moment for a long time. After advancing to such a distant stage and knocking out several big names, he had a forced win against the world's number one.} ( 34...Qf1 $1 {[%c_effect f1;square;f1;type;GreatFind;persistent;true] A difficult move to spot, but the idea is easy to understand. Black wants to play 35...Rg6 and start an attack with the heavy pieces.} 35.Qd2 ( 35.Rxh6 {loses the bishop after} 35...Rxh6 36.Qxh6 Qe2+ ) 35...Rg6 36.Rh2 {A desperate attempt to cover the second rank.} 36...Rg1 37.Bb2 ( 37.Kb2 Qa1+ 38.Ka3 Qxe5 ) 37...Qb1+ 38.Kc3 {It looks like White has escaped the worst, but the attack persists.} 38...Bf5 {Threatening 38...Rd1.} 39.Qc2 Qe1+ 40.Qd2 Qe5+ 41.Kc2 Bxd3+ $1 {[%c_effect d3;square;d3;type;GreatFind;persistent;true] The final detail.} 42.Kxd3 ( 42.Qxd3 Qxh2+ ) 42...Rg3+ 43.Kc2 Qe4+ 44.Kc1 Rg1+ {winning the queen and the game.} ) 35.Bf4 {The position is equal again.} ( 35.Rxh6 {leads to a draw after} 35...Rxh6 36.Qxh6 Qf2+ 37.Qd2 Qxd2+ 38.Kxd2 a5 ) 35...Rf6 $2 ( 35...Qg7 {is better:} 36.Bd2 Qa1 37.Bc1 Qxa2+ 38.Bb2 {This variation was mentioned by Carlsen in the post-game interview. A natural continuation is} 38...Bg4 39.Rxh6 ( 39.Rxc5 $2 {[%c_effect c5;square;c5;type;Mistake;persistent;true] is bad:} 39...Bd1+ $1 {[%c_effect d1;square;d1;type;GreatFind;persistent;true] The bishop cannot be captured:} 40.Kxd1 $2 Qb1+ $1 41.Bc1 Qxd3+ 42.Bd2 Rf6 {with a winning attack.} ) 39...Rxh6 40.Qxh6 Bd1+ {with a draw.} ) 36.Be3 $1 {[%c_effect e3;square;e3;type;GreatFind;persistent;true] Everything is protected and the c5-pawn finally falls.} 36...Bf5 37.Bxc5 Qg6 $2 ( 37...Re6 {is more stubborn.} ) 38.Kc3 Re6 $2 ( 38...Qe8 $1 {[%c_effect e8;square;e8;type;GreatFind;persistent;true] gives more chances.} ) 39.Rh4 $6 ( 39.Bxa7 $1 {[%c_effect a7;square;a7;type;GreatFind;persistent;true] wins on the spot:} 39...Kxa7 40.Qf2+ {followed by capturing the f5-bishop with an easy win.} ) 39...Bg4 40.Bxa7 $4 {[%c_effect a7;square;a7;type;Blunder;persistent;true] Carlsen takes the pawn at the wrong time. It's rare to see one blunder from him, let alone two blunders in the same game.} ( 40.Qf4 $1 {[%c_effect f4;square;f4;type;GreatFind;persistent;true] is better, with good winning chances.} ) 40...Qf6+ $4 {[%c_effect f6;square;f6;type;Blunder;persistent;true] The final mistake in this tense game.} ( 40...Qg7+ $1 41.Bd4 Qg5 $1 {[%c_effect g5;square;g5;type;GreatFind;persistent;true] Black now threatens Qa5 or Qe1 and the position becomes sharp and even dangerous for White.} 42.Bb6 $5 ( 42.Rxg4 {is maybe the safest way to stop the attack.} 42...Qxg4 43.Qf2 {The machine evaluates this imbalanced position as equal, although Black has practical chances.} ) ( 42.Be5 {is also possible, but White's position is risky after} 42...h5 ( 42...Rxe5 $2 43.Rxg4 ) ) 42...Qc1+ ( 42...Kxb6 43.Qb8+ {with perpetual check.} ) 43.Kb4 c5+ $1 44.Bxc5 Qe1+ 45.Kb5 Bf3 46.Bd6 $1 Bc6+ 47.Kc5 {Luckily White is not mated, but it's close.} ) 41.Kb4 Re5 42.d4 Qe7+ 43.c5 {Carlsen summarized his feelings about this game very well: \"I'll probably throw away the game, but I'll keep the result, for sure\".} 1-0

[Event "E World Cup 2023"]
[Site "Chess.com"]
[Date "2023.08.22"]
[Round "8"]
[White "Praggnanandhaa, R."]
[Black "Carlsen, Magnus"]
[Result "1/2-1/2"]
[WhiteElo "2707"]
[BlackElo "2835"]
[ECO "A29"]
[EventDate "2023.??.??"]
[Annotator "rafael"]
[PlyCount "70"]
[Beauty "6392924609031"]
[EventType "team-tourn"]
[EventCountry "FID"]
[TimeControl "40/5400+30:1800+30"]

1.c4 e5 2.Nc3 Nf6 3.Nf3 Nc6 4.g3 d5 5.cxd5 Nxd5 6.Bg2 Nf6 {This interesting and less common move was played by Svidler in the World Cup.} 7.b4 {I could only find two games with this move, but one of them was Nepomniachtchi-Carlsen, so both players know the position.} ( 7.O-O h6 8.Qc2 Bc5 9.a3 a5 10.d3 O-O 11.Nb5 Bb6 12.Nd2 Re8 13.Nc4 Be6 {and Black was fine in Puranik-Svidler, World Cup Baku 2023.} ) 7...Bd6 {This natural move is already a novelty.} ( 7...Bxb4 $6 8.Nxe5 $1 {[%c_effect e5;square;e5;type;GreatFind;persistent;true] A thematic idea.} 8...Nxe5 9.Qa4+ {regaining the material, with an advantage.} ) ( 7...e4 8.Ng5 Bxb4 9.Ngxe4 O-O 10.O-O {with some chances of getting an advantage for White. It's usually good to exchange a flank pawn for a central one. Stremavicius-Unneland, Stavanger 2021.} ) ( 7...a6 8.a3 Bd6 9.Bb2 O-O 10.d3 Re8 11.O-O {with a normal English Opening middlegame in Nepomniachtchi-Carlsen, Legends of Chess (rapid) 2020.} ) 8.b5 Nd4 9.Qa4 $1 ( 9.O-O Bg4 $1 {[%c_effect g4;square;g4;type;GreatFind;persistent;true] is good for Black.} ) 9...Nxf3+ 10.Bxf3 O-O 11.O-O a6 $1 {[%c_effect a6;square;a6;type;GreatFind;persistent;true] An important move to solve the problems on the queenside.} 12.d3 h6 13.Ba3 {Praggnanandhaa said in the post-game interview that he remembered this position from his analysis and that after 13...Bh3 Black can get a draw with some precise moves. Carlsen decides to play another move, which also turns out to be good.} 13...Rb8 ( 13...Bh3 14.Bxb7 Bxf1 15.Rxf1 axb5 16.Qxa8 Qxa8 17.Bxa8 Rxa8 18.Bxd6 cxd6 19.Rb1 {Maybe this is the variation that the Indian prodigy meant in the interview. Objectively it's a draw, but Black still has to defend for a little while.} ) 14.Bxd6 {Maybe it's better to postpone this capture, but White doesn't have much anyway.} ( 14.bxa6 $2 {[%c_effect a6;square;a6;type;Mistake;persistent;true] is bad due to} 14...Bd7 ) ( 14.Rfc1 ) 14...cxd6 15.Rab1 axb5 16.Qxb5 Bd7 17.Qb6 Bc6 $1 {[%c_effect c6;square;c6;type;GreatFind;persistent;true] Black has solved all his problems.} 18.Qxd8 ( 18.Bxc6 bxc6 {The point is that the c6-pawn cannot be captured:} 19.Qxc6 $4 Rc8 {winning a piece.} ) 18...Rfxd8 19.Bxc6 bxc6 20.Kg2 ( 20.Rxb8 Rxb8 21.Rb1 {is possible and the draw is close.} ) 20...Ra8 21.Rb6 Rdc8 22.Rc1 d5 23.Rc2 Nd7 24.Rb1 Nc5 {This is an invitation to a draw as this move allows simplification.} ( 24...Kf8 {is a natural move, bringing the king to the center. From a practical perspective, the position is more comfortable for Black, with his powerful center. The computer, however, says it's completely equal.} ) 25.Rbc1 Ra5 26.Nb1 Ne6 27.Nd2 ( 27.Rxc6 {should also end in a draw.} 27...Rxc6 28.Rxc6 Rxa2 29.Nc3 Rc2 30.Nxd5 Rxe2 ) 27...Rca8 28.Nf3 e4 29.dxe4 dxe4 30.Nd2 e3 {All the roads lead to equality.} ( 30...Nd4 31.Rc4 Nxe2 32.Re1 Rxa2 33.Nxe4 ( 33.Rxe2 Rd8 $1 ) ) ( 30...f5 31.Rxc6 Rxa2 32.Rxe6 Rxd2 33.Rc7 Rxe2 34.Ree7 e3 {This is also a draw, but there's no need for Black to play like this.} ) 31.Nc4 Rxa2 32.Nxe3 Nd4 33.Rxa2 Rxa2 34.Rc4 c5 35.Rxc5 Rxe2 {A quiet game that ended with a result that suited both players. Carlsen gains more time to recover from food poisoning, and Praggnanandhaa can rest from his tense tie-break from the previous day.} 1/2-1/2